 Dungeon Crawl Stone Soup version 0.20.1-1-g8b1a95d (console) character file.

3916 vuolankoinen the Covert (level 10, -1/67 HPs)
             Began as an Octopode Assassin on Nov 22, 2017.
             Was an Elder of Uskayaw.
             Slain by an orc warrior
             ... wielding a +0 halberd of venom
              (25 damage)
             ... on level 8 of the Dungeon.
             The game lasted 00:30:30 (7521 turns).

vuolankoinen the Covert (Octopode Assassin)         Turns: 7521, Time: 00:30:36

Health: -1/67      AC:  1    Str: 10    XL:     10   Next: 20%
Magic:  15/15      EV: 16    Int: 15    God:    Uskayaw [****..]
Gold:   446        SH:  0    Dex: 16    Spells: 13/16 levels left

rFire    + . .     SeeInvis .   a - +2 dagger (venom)
rCold    + . .     Gourm    .   (no shield)
rNeg     . . .     Faith    .   (helmet restricted)
rPois    .         Spirit   .   j - amulet of regeneration
rElec    .         Reflect  .   F - ring of protection from cold
rCorr    .         Harm     .   H - ring of protection from fire
MR       .....                  (no ring)
Stlth    ++++++....             (no ring)
Regen    0.7/turn               (no ring)
MPRegen  0.2/turn               (no ring)
                                (no ring)
                                (no ring)

@: lethally poisoned (-1 -> -1)
A: almost no armour, stealthy swim, amphibious, 8 rings, constrict 8, camouflage
1, gelatinous body 1
a: Stomp, Line Pass, Renounce Religion


You were on level 8 of the Dungeon.
You worshipped Uskayaw.
Uskayaw was noncommittal.
You were not hungry.

You visited 2 branches of the dungeon, and saw 9 of its levels.
You also visited: Sewer.

You collected 446 gold pieces.

Inventory:

Hand Weapons
 a - a +2 dagger of venom (weapon)
 b - a +0 blowgun
 u - a +2 dagger
 M - a +0 short sword of venom
Missiles
 c - 39 poisoned needles
 d - 2 curare-tipped needles
 N - 5 exploding tomahawks
 O - 7 javelins of penetration (quivered)
Jewellery
 h - an uncursed ring of teleportation
 j - an amulet of regeneration (around mantle)
 F - a ring of protection from cold (left tentacle)
 H - a ring of protection from fire (right tentacle)
Wands
 y - a wand of random effects (27/48)
 C - a wand of random effects (16/48)
 J - a wand of digging (10/24)
Scrolls
 i - a scroll of remove curse
 m - 6 scrolls of identify {unknown}
 n - 2 scrolls of teleportation {unknown}
 o - 4 scrolls of amnesia {unknown}
 p - 2 scrolls of noise {unknown}
 q - a scroll of blinking {unknown}
 D - 2 scrolls of magic mapping
 E - a scroll of fog {unknown}
 I - a scroll of vulnerability {unknown}
 K - a scroll of holy word {unknown}
Potions
 e - 5 potions of curing {unknown}
 g - 7 potions of degeneration {unknown}
 l - a potion of invisibility {unknown}
 r - 4 potions of agility {unknown}
 s - 5 potions of flight {unknown}
 t - a potion of experience {unknown}
 v - 3 potions of heal wounds {unknown}
 w - 3 potions of might {unknown}
 z - 2 potions of magic {unknown}
 A - a potion of berserk rage {unknown}
 G - a potion of resistance {unknown}
 L - 2 potions of brilliance {unknown}
Books
 B - a book of Battle

   Spells                             Type                      Level
   a - Infusion                       Charms                       1
   b - Shroud of Golubria             Charms/Translocation         2
   c - Song of Slaying                Charms                       2
   d - Spectral Weapon                Hexes/Charms                 3
   e - Regeneration                   Charms/Necromancy            3
Comestibles
 f - 5 bread rations
 k - 7 royal jellies
 x - 3 meat rations
 P - 2 fruits


   Skills:
 + Level 5.6 Fighting
 + Level 7.2 Short Blades
 - Level 2.0 Throwing
 + Level 4.8 Dodging
 + Level 13.4 Stealth
 + Level 3.5 Spellcasting
 + Level 1.7 Charms
 + Level 1.0 Necromancy
 + Level 0.9 Evocations


You had 13 spell levels left.
You knew the following spells:

 Your Spells              Type           Power        Failure   Level  Hunger
a - Regeneration          Chrm/Necr      #.........   32%         3    ###....


Dungeon Overview and Level Annotations

Branches:
Dungeon (8/15)             Temple (1/1) D:7
   Lair: D:8-11

Altars:
Ashenzari
Cheibriados
Dithmenos
Elyvilon
Fedhas
Gozag
Kikubaaqudgha
Makhleb
Nemelex Xobeh
Okawaru
Qazlal
Ru
Sif Muna
Trog
Uskayaw
Vehumet
Xom
Yredelemnul
Zin
The Shining One
Beogh

Shops:
D:4 *   D:5 :

Annotations:
D:5 exclusions: orc warrior and 2 orc wizards, Menkaure
D:8 Gastronok


Innate Abilities, Weirdness & Mutations

You cannot wear most types of armour.
You are very stealthy in the water. (Stealth+)
You are amphibious.
You can wear up to eight rings at the same time.
You can use your tentacles to constrict eight enemies at once.
Your skin changes colour to match your surroundings (Stealth+).
Your rubbery body absorbs attacks. (AC +1, EV +1)


Message History

You hit the orc warrior.
The orc warrior is poisoned.
Your grab misses the orc warrior. Your squeeze misses the orc warrior.
The orc warrior is lightly wounded.
You feel sick.
Unknown command.
Quiver which item? (- for none, * to show all) (? for menu, Esc to quit)
Quivering
O - 8 javelins of penetration for throwing.
Throwing (i - inventory. (,) - cycle):
O - 8 javelins of penetration (quivered)
Press: ? - help, Shift-Dir - straight line, f - orc
Aim: an orc, wielding a mace You throw a javelin of penetration.
The javelin of penetration pierces through the orc!
You kill the orc!
The javelin of penetration pierces through the orc!
You kill the orc!
The javelin of penetration closely misses the orc. x2
The javelin of penetration pierces through the orc!
You kill the orc!
You feel sick. The orc warrior closely misses you.
The orc warrior hits you from afar with a halberd of venom!!
You die...

?..# ....# ########
.....# #._...o# .....+
#...ooo# .....#
#(...oo###....$#
#$.)ooo)o....# ..#
########@....# ..#
#......# ..g #......#
..# #......# ..#
#......# ..# #......#
..# .. #......#
..########'####......#
..................####
..................#
..................#


You could see 2 orc warriors and 7 orcs.

Vanquished Creatures
  A two-headed ogre (D:8)
  A hippogriff (D:8)
  Grinder (D:5)
  Sigmund (D:2)
  Purgy (Sewer)
  An ice beast (D:8)
  2 sky beasts
  2 orc warriors (D:8)
  4 ogres
  2 black bears
  A phantom (D:8)
  A centaur (D:7)
  2 bullfrogs
  A scorpion (D:6)
  2 howler monkeys (D:4)
  2 crimson imps
  2 bullfrog zombies
  4 hounds
  2 jellies
  5 orc wizards
  4 orc priests
  A centaur skeleton (D:4)
  An iguana (D:5)
  A bullfrog skeleton (D:7)
  6 worker ants
  2 hound skeletons
  A hound zombie (D:6)
  A howler monkey zombie (D:7)
  11 gnolls
  10 adders
  2 shadow imps (D:5)
  An ooze (D:2)
  An adder skeleton (D:4)
  4 worms
  4 dart slugs
  6 leopard geckos
  45 orcs
  3 ball pythons
  6 bats
  8 giant cockroaches
  7 hobgoblins
  7 kobolds
  5 quokkas
  9 frilled lizards
  A giant cockroach zombie (D:6)
  13 goblins
  A leopard gecko skeleton (D:4)
  2 quokka skeletons
  11 rats
212 creatures vanquished.

Vanquished Creatures (others)
  2 howler monkeys (D:4)
  A worker ant (D:4)
  An iguana (D:4)
4 creatures vanquished.

Grand Total: 216 creatures vanquished

Notes
Turn   | Place    | Note
-------+----------+-------------------------------------------
     0 | D:1      | vuolankoinen the Octopode Assassin began the quest for the Orb.
     0 | D:1      | Reached XP level 1. HP: 14/14 MP: 1/1
    87 | D:1      | Reached XP level 2. HP: 19/19 MP: 2/2
   227 | D:1      | Reached skill level 6 in Stealth
   335 | D:1      | Reached XP level 3. HP: 25/25 MP: 3/3
   726 | D:2      | Reached XP level 4. HP: 30/30 MP: 4/4
   750 | D:2      | Reached skill level 7 in Stealth
  1190 | D:2      | Noticed Sigmund
  1193 | D:2      | Killed Sigmund
  1193 | D:2      | Reached skill level 8 in Stealth
  1193 | D:2      | Reached XP level 5. HP: 36/36 MP: 5/5
  1193 | D:2      | Reached XP level 6. HP: 41/41 MP: 6/6
  1694 | D:3      | Found a burning altar of Makhleb.
  1696 | D:3      | Noticed an Executioner
  1768 | D:3      | Found a faded altar of an unknown god.
  1770 | D:3      | Became a worshipper of Uskayaw the Reveler
  1770 | D:3      | Reached * piety under Uskayaw
  1863 | D:3      | Reached ** piety under Uskayaw
  1891 | D:3      | Reached skill level 9 in Stealth
  1893 | D:3      | Reached *** piety under Uskayaw
  1901 | D:3      | Reached **** piety under Uskayaw
  2507 | D:4      | Reached XP level 7. HP: 28/46 MP: 7/7
  2669 | D:4      | Found a shimmering altar of Xom.
  3036 | D:4      | Found Kealotoc's Assorted Antiques.
  3449 | D:4      | Found a snail-covered altar of Cheibriados.
  3683 | D:4      | Reached skill level 5 in Short Blades
  3683 | D:4      | Reached skill level 10 in Stealth
  3714 | D:5      | Entered Level 5 of the Dungeon
  3714 | D:5      | Found Urgholl's Book Emporium.
  3715 | D:5      | Reached XP level 8. HP: 46/52 MP: 6/8
  3730 | D:5      | Found a sparkling altar of Nemelex Xobeh.
  3761 | D:5      | Noticed Grinder
  3761 | D:5      | Killed Grinder
  3767 | D:5      | Found a deep blue altar of Sif Muna.
  3821 | D:5      | Reached skill level 11 in Stealth
  3874 | D:5      | Found an ancient bone altar of Kikubaaqudgha.
  3910 | D:5      | Found a glowing drain.
  3939 | Sewer    | Entered a sewer
  4154 | Sewer    | Noticed Purgy
  4414 | Sewer    | Killed Purgy
  4522 | D:5      | Found a white marble altar of Elyvilon.
  4738 | D:5      | Learned a level 3 spell: Regeneration
  4812 | D:5      | Noticed Menkaure
  4990 | D:6      | Reached skill level 1 in Spellcasting
  5109 | D:6      | Reached XP level 9. HP: 59/59 MP: 10/10
  5311 | D:6      | Found an iron altar of Okawaru.
  5489 | D:6      | Found a radiant altar of Vehumet.
  5999 | D:7      | Found a snail-covered altar of Cheibriados.
  6040 | D:7      | Found a staircase to the Ecumenical Temple.
  6177 | Temple   | Entered the Ecumenical Temple
  6188 | Temple   | Reached skill level 12 in Stealth
  6243 | Temple   | Reached skill level 5 in Fighting
  6789 | D:8      | Found a glowing silver altar of Zin.
  7024 | D:8      | Reached skill level 1 in Charms
  7155 | D:8      | Noticed Gastronok
  7319 | D:8      | Noticed a two-headed ogre
  7327 | D:8      | Killed a two-headed ogre
  7327 | D:8      | Reached skill level 13 in Stealth
  7327 | D:8      | Reached skill level 1 in Necromancy
  7327 | D:8      | Reached XP level 10. HP: 67/67 MP: 13/15
  7506 | D:8      | Found a roughly hewn altar of Beogh.
  7521 | D:8      | Slain by an orc warrior

Skill      XL: |  1  2  3  4  5  6  7  8  9 |
---------------+----------------------------+-----
Stealth        | 6 8 9 10 11 13 | 13.4
Short Blades   | 3 4 5 6 7 |  7.2
Fighting       | 3 4 5 |  5.6
Dodging        | 2 3 4 |  4.8
Spellcasting   | 1 3 |  3.5
Charms         | 1 |  1.7
Necromancy     | 1 |  1.0
Throwing       | |  2.0
Evocations     | |  0.9

Action                   |  1- 3 |  4- 6 |  7- 9 | 10-12 || total
-------------------------+-------+-------+-------+-------++-------
Melee: Dagger            |    46 |   124 |   176 |    11 ||   357
       Constrict         |    13 |    26 |    56 |     3 ||    98
       Tentacles         |     7 |    20 |    55 |       ||    82
       Short sword       |       |       |    94 |       ||    94
 Fire: Blowgun           |       |       |    19 |       ||    19
Throw: Javelin           |       |       |       |     1 ||     1
 Cast: Regeneration      |       |       |     4 |       ||     4
Invok: Line Pass         |       |       |     4 |       ||     4
Evoke: Wand              |       |       |     3 |     4 ||     7
  Use: Scroll            |       |       |     2 |       ||     2
 Stab: Sleeping          |    10 |    17 |    25 |       ||    52
       Distracted        |       |     1 |     3 |     2 ||     6
       Paralysed         |       |     1 |     3 |     2 ||     6
       Confused          |       |       |     5 |       ||     5
  Eat: Chunk             |       |     5 |    16 |     1 ||    22
       Fruit             |       |       |     1 |       ||     1
Armor: Skin              |     3 |     3 |     4 |     1 ||    11
Dodge: Dodged            |    20 |    48 |   157 |    11 ||   236
